 Dungeon Crawl Stone Soup version 0.30-a0-1066-g63dfefce0d (webtiles) character file.

Game seed: 8040470753607092032

53 retardedninja the Trooper (level 3, -2/34 HPs)
             Began as a Naga Fighter on Apr 12, 2023.
             Slain by Terence
             ... wielding a +0 hand axe
              (5 damage)
             ... on level 2 of the Dungeon.
             The game lasted 00:01:26 (1105 turns).

retardedninja the Trooper (Naga Fighter)            Turns: 1105, Time: 00:01:27

Health: -2/34      AC:  7    Str: 20    XL:     3   Next: 89%
Magic:  3/3        EV:  7    Int:  8    God:
Gold:   78         SH:  4    Dex: 10    Spells: 2/2 levels left

rFire   . . .      SeeInvis +    a - +0 war axe
rCold   . . .      Faith    .    c - +0 buckler
rNeg    . . .      Spirit   .    b - +0 scale mail
rPois   +          Reflect  .    g - +2 helmet
rElec   .          Rampage  .    (no cloak)
rCorr   .                        (no gloves)
Will    .....                    (no barding) Stlth
                                 (no amulet)
HPRegen 0.25/turn                (no ring)
MPRegen 0.08/turn                (no ring)

@: short of breath, very slow
A: AC +1, large, see invisible, deformed body, poison resistance, slowness 2,
spit poison 1, naga tail 1
a: Spit Poison


You were on level 2 of the Dungeon.
You visited 1 branch of the dungeon, and saw 2 of its levels.

You collected 78 gold pieces.

Inventory:

Hand Weapons
 a - a +0 war axe (weapon)
Armour
 b - a +0 scale mail (worn)
 c - a +0 buckler (worn)
 g - a +2 helmet (worn)
Jewellery
 f - a ring of fire
Scrolls
 e - a scroll of noise {unknown}
 i - a scroll of enchant armour {unknown}
 l - a scroll of amnesia {unknown}
 m - a scroll of blinking {unknown}
 n - 2 scrolls of teleportation {unknown}
Potions
 d - a potion of might
 h - a potion of cancellation {unknown}
 k - a potion of mutation {unknown}


   Skills:
 + Level 3.4 Fighting
 + Level 2.6 Axes
 + Level 2.8 Armour
 + Level 3.1 Shields


You had 2 spell levels left.
You didn't know any spells.
Your spell library contained the following spells:

 Spells                   Type           Power      Damage    Failure   Level
 Lesser Beckoning         Tloc           0%         N/A       93%         2
 Gell's Gravitas          Tloc           0%         N/A       99%         3
 Teleport Other           Tloc           0%         N/A       99%         3


Dungeon Overview and Level Annotations

Branches:
Dungeon (2/15)

Altars:

Annotations:
D:2 Terence


Innate Abilities, Weirdness & Mutations

Your serpentine skin is tough. (AC +1)
You have supernaturally acute eyesight. (SInv)
Armour fits poorly on your strangely shaped body.
Your system is resistant to poisons. (rPois)
You cover ground very slowly.
You can spit poison.
You have a snake-like lower body.


Message History

You are too injured to fight recklessly!
Terence hits you with a +0 hand axe! Terence hits you but does no damage.
You barely miss Terence.
Terence is moderately wounded.
Terence barely misses you.
You hit Terence.
Terence is heavily wounded.
Terence drinks a potion.
Terence is healed!
You hit Terence but do no damage.
Terence is lightly wounded.
Terence hits you but does no damage. Terence hits you with a +0 hand axe.
You hit Terence.
Terence is moderately wounded.
Terence says, "You're history."
Terence hits you but does no damage.
You hit Terence but do no damage.
Terence is moderately wounded.
Terence hits you with a +0 hand axe.
* * * LOW HITPOINT WARNING * * *
You hit Terence but do no damage.
Terence is moderately wounded.
Terence hits you with a +0 hand axe.
* * * LOW HITPOINT WARNING * * *
Terence hits you with a +0 hand axe.
* * * LOW HITPOINT WARNING * * *
You feel better. Terence hits you but does no damage.
Okay, then.
Aiming: Spit Poison (2% risk of failure)
Press: ? - help, Q - select action Shift-Dir - straight line, f - Terence
Aim: Terence, wielding a +0 hand axe and wearing a +0 chain mail (moderately wounded, 70% to hit)
The splash of poison misses Terence.
You block Terence's attack.
You closely miss Terence.
Terence is moderately wounded.
Terence hits you with a +0 hand axe.
* * * LOW HITPOINT WARNING * * *
You barely miss Terence.
Terence is moderately wounded.
Terence hits you with a +0 hand axe.
You die...

.##........#
.''........#.#
.##........#.# ....
..#........#.# ....
..#.††.....#.# .....
..#........#.# .....
#.#.##+#+#.#.# ......
#.#.##.#[#.#.#####......
................@@......
#.#.##.#.#.#.###.#....!<
#.#.##.#.#.### #.# #####
#.#.##.#.#.# #.#
....##.#.#.# #.#
....##.#.#.# #.#
....##.#.#.# ..#
#+#.##.#.#.# ###
#+#.#..# #.#


You could see Terence.

Vanquished Creatures
  2 adders (D:2)
  2 dart slugs
  2 ball pythons (D:1)
  2 bats (D:1)
  A giant cockroach (D:1)
  5 goblins
  2 hobgoblins (D:1)
  2 quokkas (D:1)
  3 frilled lizards
  4 kobolds
  8 rats
33 creatures vanquished.

Notes
Turn   | Place    | Note
-------+----------+-------------------------------------------
     0 | D:1      | retardedninja the Naga Fighter began the quest for the Orb.
     0 | D:1      | Reached XP level 1. HP: 21/21 MP: 1/1
     0 | D:1      | Noticed an iron dragon
     1 | D:1      | Noticed an ice dragon
     3 | D:1      | Noticed an iron dragon
     3 | D:1      | Noticed an orb of fire
     6 | D:1      | Noticed an iron dragon
     7 | D:1      | Noticed an iron dragon
     9 | D:1      | Noticed a tentacled monstrosity
    11 | D:1      | Noticed a tentacled monstrosity
    15 | D:1      | Noticed an ice dragon
    15 | D:1      | Noticed an ice dragon
    17 | D:1      | Noticed an orb of fire
    19 | D:1      | Noticed a golden dragon
   169 | D:1      | Reached XP level 2. HP: 28/28 MP: 2/2
   815 | D:1      | Reached XP level 3. HP: 28/34 MP: 3/3
  1084 | D:2      | Noticed Terence
  1101 | D:2      | HP: 1/34 [Terence/+0 hand axe (4)]
  1105 | D:2      | Slain by Terence

Illustrated notes

Levels and vault maps discovered:
D:1:      shiori_arrival_whats_in_store_for_you, layout_basic, nicolae_titane
D:2:      layout_basic, basic_altar, uniq_terence

Skill      XL: |  1  2 |
---------------+-------+-----
Shields        | 3 |  3.1
Fighting       | |  3.4
Axes           | |  2.6
Armour         | |  2.8

Action                     || total
---------------------------++-------
  Melee: War axe           ||   114
Ability: Spit Poison       ||     1
    Use: Potion            ||     1
 Armour: Scale mail        ||    65
  Dodge: Dodged            ||    43
  Block: Buckler           ||    32

Table legend: (Time is in decaauts)
 A = Elapsed time spent in this place.
 B = Non-inter-level travel time spent in this place.
 C = Inter-level travel time spent in this place.
 D = Time resting spent in this place.
 E = Time spent auto-exploring this place.
 F = Levels seen in this place.
 G = Mean time per level.
                   A        B        C        D        E       F      G
               +--------+--------+--------+--------+--------+-----+--------+
         Total |   1494 |   1448 |     46 |      0 |   1148 |   2 |  747.0 |
       Dungeon |   1494 |   1448 |     46 |      0 |   1148 |   2 |  747.0 |
               +--------+--------+--------+--------+--------+-----+--------+

Top non-repeatable levels by time:
     D:1: 1278 daAuts
     D:2: 216 daAuts
